 Dungeon Crawl Stone Soup version 0.17.0-22-g5edae84 (console) character file.

1760 Kloppie the Skirmisher (level 8, -11/67 HPs)
             Began as a Demonspawn Fighter on Nov 13, 2015.
             Was a Follower of Ashenzari.
             Mangled by an orc warrior
             ... wielding a +0 battleaxe
              (21 damage)
             ... on level 7 of the Dungeon.
             The game lasted 00:13:44 (5691 turns).

Kloppie the Skirmisher (Demonspawn Fighter)         Turns: 5691, Time: 00:13:44

Health: -11/67     AC:  9    Str: 17    XL:     8   Next: 79%
Magic:  8/8        EV:  2    Int:  9    God:    Ashenzari [*.....]
Gold:   306        SH:  9    Dex: 17    Spells: 0 memorised, 7 levels left

rFire  . . .     SeeInvis .     b - +3 falchion (elec)
rCold  + . .     Clarity  +     B - +0 scale mail
rNeg   . . .     SustAt   .     c - +0 shield
rPois  .         Gourm    .     (no helmet)
rElec  .         Spirit   .     (no cloak)
rCorr  .         Warding  .     s - +0 pair of gloves (curse)
rMut   .         Stasis   .     (boots unavailable)
MR     .....                    v - amulet of clarity
Stlth  +.........               t - ring of protection from cold
                                n - ring of stealth

@: not resistant to hostile enchantments, very unstealthy
A: hooves 3, thin skeletal structure 1, spiny 1
a: Scrying, Renounce Religion


You were on level 7 of the Dungeon.
You worshipped Ashenzari.
Ashenzari was aware of your devotion.
You were not hungry.

You visited 2 branches of the dungeon, and saw 8 of its levels.

You collected 306 gold pieces.

Inventory:

Hand Weapons
 a - a +1 long sword
 b - a +3 falchion of electrocution (weapon)
Armour
 c - a +0 shield (worn)
 s - a cursed +0 pair of gloves (worn)
 B - a +0 scale mail (worn)
Jewellery
 n - a ring of stealth (left hand)
 t - a ring of protection from cold (right hand)
 v - an amulet of clarity (around neck)
Wands
 k - a wand of random effects (11)
 y - a wand of fire (8)
Scrolls
 l - a scroll of fear
 m - 4 scrolls of remove curse
 o - a scroll of curse armour
 q - 2 scrolls of blinking
 w - a scroll of recharging
 x - a scroll of identify
 D - a scroll of magic mapping {unknown}
Potions
 d - 2 potions of flight {unknown}
 f - 2 potions of agility
 g - a potion of cure mutation
 i - a potion of curing
 r - a potion of brilliance {unknown}
 u - 2 potions of poison {unknown}
 z - 2 potions of invisibility {unknown}
 C - a potion of heal wounds {unknown}
Comestibles
 e - 2 bread rations
 h - 3 slices of pizza
 j - 9 beef jerkies
 p - 5 meat rations
 A - 3 fruits


   Skills:
 + Level 7.3 Fighting
 + Level 6.2 Long Blades
 + Level 6.4 Armour
 - Level 2.6 Shields


You had 7 spell levels left.
You didn't know any spells.

Dungeon Overview and Level Annotations

Branches:
Dungeon (7/15)             Temple (1/1) D:4

Altars:
Ashenzari
Dithmenos
Elyvilon
Fedhas
Gozag
Okawaru
Qazlal
Sif Muna
Trog
Vehumet
Yredelemnul
The Shining One

Shops:
D:5 ([   D:6 =

Annotations:
D:2 Sigmund


Innate Abilities, Weirdness & Mutations

You have hooves in place of feet.
You have a somewhat thin skeletal structure (Dex +2, Stealth).
You are partially covered in sharp spines.


Message History

* * * LOW HITPOINT WARNING * * *
You feel sick.
The orc wizard mumbles some strange words.
The orc wizard blinks!
Drink which item? (? for menu, Esc to quit)
You feel better.
The orc wizard mumbles some strange words.
The orc wizard blinks!
You block the orc warrior's attack.
The orc wizard gestures at you while chanting.
The magic dart hits you!
* * * LOW HITPOINT WARNING * * *
The orc warrior is struck by your spines.
The orc warrior hits you but does no damage.
There is a stone staircase leading up here.
The orc wizard casts a spell at you. The magic dart hits you!
* * * LOW HITPOINT WARNING * * *
The orc warrior hits you with a battleaxe!!
You die...

#.# #.######## #.#......#
#.#.####.# # #######.#.# #.#
.$ #.......#(####.# #.
####.###..........#
##..##....###...#.#########.
..........)....@o..........>
###.##....##.###o......#####
#.(..#.....a....#.#
#.(..#..###.#.....#
#..).....##.......#
#...###.#####.##)### ....#
#.# #......# #....# #.#
#..#...# #....# #.# #..#####


You could see an orc warrior, a worker ant and an orc wizard.

Vanquished Creatures
  Menkaure (D:5)
  A phantom (D:5)
  A black bear (D:6)
  4 ogres
  An ice beast (D:5)
  A big kobold (D:4)
  A giant frog (D:6)
  A scorpion (D:3)
  2 hounds
  A centaur skeleton (D:4)
  2 crimson imps
  A jelly (D:6)
  5 orc wizards
  2 orc priests
  Jessica (D:2)
  An iguana (D:4)
  5 worker ants
  6 gnolls
  8 adders
  A shadow imp (D:5)
  An ooze (D:1)
  An adder skeleton (D:5)
  4 worms
  31 orcs
  12 goblins
  19 hobgoblins
  7 jackals
  3 quokkas
  2 ball pythons
  6 bats
  4 giant cockroaches
  6 giant newts
  18 kobolds
  4 rats (D:1)
164 creatures vanquished.

Notes
Turn   | Place    | Note
--------------------------------------------------------------
     0 | D:1      | Kloppie the Demonspawn Fighter began the quest for the Orb.
     0 | D:1      | Reached XP level 1. HP: 18/18 MP: 1/1
   149 | D:1      | Gained mutation: You have large cloven feet. [demonic ancestry]
   149 | D:1      | Reached XP level 2. HP: 22/24 MP: 2/2
   184 | D:1      | You fall through a shaft!
   274 | D:2      | Reached XP level 3. HP: 24/29 MP: 3/3
  1086 | D:2      | Noticed Jessica
  1104 | D:2      | Killed Jessica
  1104 | D:2      | Gained mutation: You have a somewhat thin skeletal structure (Dex +2, Stealth). [demonic ancestry]
  1104 | D:2      | Reached XP level 4. HP: 2/37 MP: 4/4
  1442 | D:2      | Noticed Sigmund
  1920 | D:3      | Reached skill level 4 in Fighting
  1944 | D:3      | Gained mutation: You are partially covered in sharp spines. [demonic ancestry]
  1944 | D:3      | Reached XP level 5. HP: 15/42 MP: 5/5
  2214 | D:3      | Found a deep blue altar of Sif Muna.
  2518 | D:4      | Gained mutation: You have hoof-like feet. [demonic ancestry]
  2518 | D:4      | Reached XP level 6. HP: 41/49 MP: 6/6
  2687 | D:4      | Noticed an ogre
  2692 | D:4      | HP: 1/50 [ogre/giant club (21)]
  2694 | D:4      | Killed an ogre
  2694 | D:4      | Reached skill level 5 in Fighting
  3262 | D:4      | Found a staircase to the Ecumenical Temple.
  3267 | Temple   | Entered the Ecumenical Temple
  3274 | Temple   | Became a worshipper of Ashenzari the Shackled
  3469 | D:4      | Gained mutation: You have hooves in place of feet. [demonic ancestry]
  3469 | D:4      | Reached XP level 7. HP: 52/56 MP: 7/7
  3538 | D:5      | Entered Level 5 of the Dungeon
  3643 | D:4      | Reached skill level 5 in Armour
  3698 | D:5      | Found Foj Kid's Armour Emporium.
  3870 | D:5      | Found Maucoist's Weapon Shop.
  3888 | D:5      | Reached skill level 5 in Long Blades
  3959 | D:5      | Reached skill level 6 in Fighting
  4029 | D:5      | Noticed Menkaure
  4038 | D:5      | Killed Menkaure
  4038 | D:5      | Reached XP level 8. HP: 59/64 MP: 8/8
  4208 | D:6      | Found Elekhiti's Jewellery Shop.
  4498 | D:6      | Reached * piety under Ashenzari
  5172 | D:6      | Reached skill level 7 in Fighting
  5681 | D:7      | HP: 1/67 [orc warrior/battleaxe (12)]
  5691 | D:7      | Mangled by an orc warrior

Action                   |  1- 3 |  4- 6 |  7- 9 || total
-------------------------+-------+-------+-------++-------
Melee: Long sword        |   173 |   130 |   206 ||   509
       Falchion          |       |       |     9 ||     9
  Use: Scroll            |       |     9 |     5 ||    14
       Potion            |       |     1 |     3 ||     4
 Stab: Sleeping          |       |     1 |     4 ||     5
  Eat: Chunk             |       |     9 |     7 ||    16
